 Dungeon Crawl Stone Soup version 0.29.1-1-gd02db6906a (webtiles) character file.

Game seed: 8136773908795332808

29 Orsonium the Firebug (level 3, -3/19 HPs)
             Began as a Gargoyle Fire Elementalist on Sept 21, 2022.
             Slain by a quokka (4 damage)
             ... on level 2 of the Dungeon.
             The game lasted 00:03:35 (957 turns).

Orsonium the Firebug (Gargoyle Fire Elementalist)    Turns: 957, Time: 00:03:36

Health: -3/19      AC:  5    Str: 11    XL:     3   Next: 16%
Magic:  3/6        EV: 12    Int: 17    God:
Gold:   74         SH:  0    Dex: 10    Spells: 5/6 levels left

rFire   . . .      SeeInvis .   e - +0 dagger (venom)
rCold   . . .      Faith    .   (no shield)
rNeg    + . .      Spirit   .   a - +0 robe
rPois   ∞          Reflect  .   (no helmet)
rElec   +          Harm     .   (no cloak)
rCorr   .          Rampage  .   (no gloves)
Will    .....                   (no boots)
Stlth   ++........              (no amulet)
HPRegen 0.06/turn               (no ring)
MPRegen 0.10/turn               (no ring)

@: no status effects
A: sickness immunity, AC +3, negative energy resistance 1, electricity
resistance, torment resistance 1, petrification resistance
a: no special abilities


You were on level 2 of the Dungeon.
You visited 1 branch of the dungeon, and saw 2 of its levels.

You collected 74 gold pieces.

Inventory:

Hand Weapons
 d - a +0 dagger
 e - a +0 dagger of venom (weapon)
Armour
 a - a +0 robe (worn)
Scrolls
 c - 2 scrolls of brand weapon {unknown}
 g - a scroll of butterflies {unknown}
 h - a scroll of immolation {unknown}
 i - 3 scrolls of enchant armour {unknown}
 j - a scroll of blinking {unknown}
Potions
 b - a potion of magic
 f - a potion of resistance {unknown}
 k - a potion of haste {unknown}


   Skills:
 + Level 2.0 Dodging
 + Level 2.5 Stealth
 + Level 2.1 Spellcasting
 + Level 1.3 Conjurations
 + Level 3.5 Fire Magic


You had 5 spell levels left.
You knew the following spells:

 Your Spells              Type           Power      Damage    Failure   Level
a - Foxfire               Conj/Fire      40%        2x1d6     7%          1

Your spell library contained the following spells:

 Spells                   Type           Power      Damage    Failure   Level
 Scorch                   Fire           26%        2d6       7%          2
 Conjure Flame            Conj/Fire      10%        6-21      22%         3
 Inner Flame              Hex/Fire       7%         N/A       28%         3
 Flame Wave               Conj/Fire      10%        2d6       56%         4


Dungeon Overview and Level Annotations

Branches:
Dungeon (2/15)

Altars:

Shops:
D:1 ?*:[(


Innate Abilities, Weirdness & Mutations

You are immune to sickness and miasma.
Your stone body is resilient. (AC +3)
You are immune to poison.
You resist negative energy. (rN+)
You are resistant to electric shocks. (rElec)
You are resistant to unholy torment.
You are immune to petrification.


Message History

The adder is heavily wounded.
The adder bites you.
* * * LOW HITPOINT WARNING * * *
The quokka barely misses you. The adder barely misses you.
You hit the adder.
You kill the adder!
The dart slug launches a dart at you. The slug dart misses you.
The quokka bites you but does no damage.
Your Dodging skill increases to level 2!
You have reached level 3!
Your experience leads to an increase in your attributes!
Increase (S)trength, (I)ntelligence, or (D)exterity?
You feel clever. x2
You barely miss the frilled lizard. The quokka barely misses you.
The dart slug bites you but does no damage.
The frilled lizard barely misses you.
You hit the frilled lizard.
You kill the frilled lizard!
The quokka bites you but does no damage.
The dart slug closely misses you. The quokka closely misses you.
The quokka bites you.
* * * LOW HITPOINT WARNING * * *
Things that are here:
a frilled lizard corpse; an adder corpse The quokka attacks as you move away!
The quokka barely misses you.
A bat comes into view.
The quokka barely misses you.
You are too injured to fight recklessly!
You see here a +0 dagger.
You hit the quokka but do no damage.
The quokka is poisoned.
The quokka bites you but does no damage.
You hit the quokka but do no damage.
The quokka is moderately wounded.
The quokka bites you.
* * * LOW HITPOINT WARNING * * *
You completely miss the quokka.
The quokka is moderately wounded.
The bat closely misses you. The quokka bites you.
You die...

.......
##.......
#<.......
#†#####.#
#w# #.# #
#w# ..#
#r##....#
#@.b....#
####...##
..# .# #


You could see a worm, a dart slug, a quokka (very poisoned) and a bat.

Vanquished Creatures
  An adder (D:2)
  2 endoplasms (D:1)
  2 giant cockroaches (D:1)
  A goblin (D:1)
  5 kobolds (D:1)
  2 quokkas (D:1)
  A bat (D:1)
  2 frilled lizards
  3 rats (D:1)
19 creatures vanquished.

Vanquished Creatures (collateral kills)
  9 foxfires (D:1)
9 creatures vanquished.

Vanquished Creatures (others)
  30 foxfires
30 creatures vanquished.

Grand Total: 58 creatures vanquished

Notes
Turn   | Place    | Note
-------+----------+-------------------------------------------
     0 | D:1      | Orsonium the Gargoyle Fire Elementalist began the quest for
                  | the Orb.
     0 | D:1      | Reached XP level 1. HP: 10/10 MP: 3/3
    41 | D:1      | Found Boupojon's Book Emporium.
    56 | D:1      | Found Wiyk's Assorted Antiques.
    82 | D:1      | Found a faded altar of an unknown god.
    89 | D:1      | Found Sojick's Magic Scroll Emporium.
   271 | D:1      | Found Suuc's Antique Armour Boutique.
   320 | D:1      | Reached XP level 2. HP: 15/15 MP: 1/5
   779 | D:1      | Found Ilael's Antique Weapon Shoppe.
   947 | D:2      | Reached XP level 3. HP: 4/19 MP: 2/6
   957 | D:2      | Slain by a quokka

Illustrated notes

Levels and vault maps discovered:
D:1:      nzn_arrival_crosshair, layout_loops_ring,
          ebering_ecumenical_altar_petrified, serial_shops, shop,
          nicolae_shop_trees, shop, shop, nicolae_shop_hallway_plus,
          minmay_hedge_maze
D:2:      layout_basic, basic_altar, kennysheep_decorative_pillar,
          grunt_ministairs_15, lexackson_kobold_supper, uniq_terence

Skill      XL: |  1  2 |
---------------+-------+-----
Dodging        | 2 |  2.0
Stealth        | |  2.5
Spellcasting   | |  2.1
Conjurations   | |  1.3
Fire Magic     | |  3.5

Action                   || total
-------------------------++-------
Melee: Dagger            ||    25
 Cast: Foxfire           ||    26
Armor: Robe              ||     6
Dodge: Dodged            ||    30
